 Dungeon Crawl Stone Soup version 0.23.2-33-g5129a83184 (webtiles) character file.

Game seed: 17356285071739354662

956 dembora the Cleaver (level 8, 0/68 HPs)
             Began as a Hill Orc Fighter on July 7, 2019.
             Was an Initiate of Ru.
             Slain by an orc warrior
             ... wielding a +0 flail
              (9 damage)
             ... on level 7 of the Dungeon.
             The game lasted 00:24:53 (4123 turns).

dembora the Cleaver (Hill Orc Fighter)              Turns: 4123, Time: 00:24:54

Health: 0/68       AC: 13    Str: 25    XL:     8   Next: 14%
Magic:  8/8        EV:  6    Int:  8    God:    Ru [......]
Gold:   166        SH: 10    Dex: 11    Spells: 7/7 levels left

rFire    . . .     SeeInvis .   y - +0 falchion (holy)
rCold    . . .     Gourm    .   c - +0 shield
rNeg     . . .     Faith    .   v - +0 chain mail
rPois    .         Spirit   .   (no helmet)
rElec    .         Reflect  .   (no cloak)
rCorr    .         Harm     .   (no gloves)
MR       .....                  (no boots)
Stlth    ..........             (no amulet)
HPRegen  0.21/turn              j - +4 ring of protection
MPRegen  0.11/turn              w - +5 ring of strength

@: about to teleport
A: no striking features
a: Renounce Religion


You were on level 7 of the Dungeon.
You worshipped Ru.
Ru was noncommittal.
You were hungry.

You visited 1 branch of the dungeon, and saw 5 of its levels.

You collected 166 gold pieces.

Inventory:

Hand Weapons
 a - a +0 war axe
 y - a +0 falchion of holy wrath (weapon)
 z - a +0 war axe
Missiles
 r - 3 tomahawks (quivered)
Armour
 b - a +0 scale mail
 c - a +0 shield (worn)
 v - a +0 chain mail (worn)
Jewellery
 j - a +4 ring of protection (left hand)
 w - a +5 ring of strength (right hand)
Scrolls
 d - a scroll of enchant weapon {unknown}
 e - 3 scrolls of identify {unknown}
 g - 2 scrolls of amnesia {unknown}
 h - 3 scrolls of remove curse
 i - 2 scrolls of magic mapping {unknown}
 k - a scroll of blinking {unknown}
 m - 2 scrolls of enchant armour {unknown}
 n - 2 scrolls of fear {unknown}
 s - 2 scrolls of teleportation
 x - a scroll of immolation {unknown}
Potions
 p - a potion of invisibility {unknown}
 t - a potion of lignification {unknown}
 u - a potion of cancellation {unknown}
Comestibles
 f - 10 rations


   Skills:
 + Level 5.3 Fighting
 + Level 8.7 Axes
 + Level 5.0 Armour
 + Level 1.1 Dodging
 + Level 0.4 Stealth
 + Level 5.3 Shields


You had 7 spell levels left.
You didn't know any spells.
Your spell library was empty.

Dungeon Overview and Level Annotations

Branches:
Dungeon (4/15)
 Temple: D:4-7

Altars:
Elyvilon
Nemelex Xobeh
Qazlal
Ru
Uskayaw


Message History

You block the big kobold's attack. The adder bites you but does no damage.
The orc priest completely misses you.
The orc warrior hits you with a +0 flail!
* * * LOW HITPOINT WARNING * * *
The kobold barely misses you.
You hit the big kobold.
The big kobold is lightly wounded.
You feel yourself speed up. You block the adder's attack.
You block the big kobold's attack. The orc priest barely misses you.
You riposte.
You hit the orc priest.
You kill the orc priest!
Your Armour skill increases to level 5!
The orc warrior barely misses you. The adder bites you but does no damage.
You block the kobold's attack.
The big kobold hits you with a cursed -1 whip.
* * * LOW HITPOINT WARNING * * *
The adder barely misses you. The kobold hits you but does no damage.
The orc hits you but does no damage.
The orc warrior hits you with a +0 flail!
You die...

###........#
..........#
........[# ##
#........# ..
#........#
###.#..K.....#
#....KoSK....#
#....Ko@Ko...#
......#########
..##. #


You could see an orc warrior, a big kobold, an orc wizard, an adder, an orc and
4 kobolds.

Vanquished Creatures
  Pikel (D:4)
  A slave (D:4)
  3 orc priests
  An iguana (D:4)
  2 orc wizards (D:3)
  Natasha (thrice) (D:3)
  A worker ant (D:3)
  3 gnolls (D:3)
  7 adders
  A worm (D:2)
  2 dart slugs (D:1)
  A leopard gecko (D:1)
  11 orcs
  6 bats
  3 giant cockroaches
  8 goblins
  5 hobgoblins
  6 jackals
  10 kobolds
  A quokka (D:3)
  4 frilled lizards
  6 rats
86 creatures vanquished.

Vanquished Creatures (others)
  An ogre (D:4)
  A centaur skeleton (D:4)
  A leopard gecko (D:4)
3 creatures vanquished.

Grand Total: 89 creatures vanquished

Notes
Turn   | Place    | Note
-------+----------+-------------------------------------------
     0 | D:1      | dembora the Hill Orc Fighter began the quest for the Orb.
     0 | D:1      | Reached XP level 1. HP: 19/19 MP: 1/1
   354 | D:1      | Reached skill level 3 in Axes
   365 | D:1      | Reached XP level 2. HP: 27/27 MP: 2/2
   951 | D:1      | Reached XP level 3. HP: 27/33 MP: 3/3
  1674 | D:2      | Reached skill level 4 in Axes
  1944 | D:3      | Reached XP level 4. HP: 38/40 MP: 4/4
  1949 | D:3      | Found a stormy altar of Qazlal.
  2058 | D:3      | Noticed Natasha
  2064 | D:3      | Killed Natasha
  2105 | D:3      | Reached skill level 5 in Axes
  2105 | D:3      | Reached XP level 5. HP: 16/46 MP: 5/5
  2431 | D:3      | Reached XP level 6. HP: 31/52 MP: 6/6
  2716 | D:3      | Reached skill level 6 in Axes
  2828 | D:3      | Noticed Natasha
  2842 | D:3      | Killed Natasha
  2936 | D:3      | Noticed Natasha
  2945 | D:3      | Killed Natasha
  3114 | D:3      | Found a white marble altar of Elyvilon.
  3553 | D:4      | Noticed Pikel
  3553 | D:4      | Noticed a slave
  3553 | D:4      | Noticed a slave
  3553 | D:4      | Noticed a slave
  3553 | D:4      | Noticed a slave
  3563 | D:4      | Killed a slave
  3565 | D:4      | Killed Pikel
  3565 | D:4      | Reached skill level 5 in Fighting
  3565 | D:4      | Reached skill level 8 in Axes
  3565 | D:4      | Reached skill level 1 in Dodging
  3565 | D:4      | Reached skill level 5 in Shields
  3565 | D:4      | Reached XP level 7. HP: 35/61 MP: 7/7
  3570 | D:4      | Reached XP level 8. HP: 40/68 MP: 8/8
  3721 | D:4      | Found a sparkling altar of Nemelex Xobeh.
  3730 | D:4      | Found a sacrificial altar of Ru.
  3741 | D:4      | Found a hide-covered altar of Uskayaw.
  3771 | D:4      | Became a worshipper of Ru the Awakened
  4110 | D:4      | You fall through a shaft for 3 floors!
  4123 | D:7      | Reached skill level 5 in Armour
  4123 | D:7      | Slain by an orc warrior

Skill      XL: |  1  2  3  4  5  6  7  8 |
---------------+-------------------------+-----
Axes           | 3 4 5 8 |  8.7
Fighting       | 4 5 |  5.3
Shields        | 4 5 |  5.3
Armour         | 4 5 |  5.0
Dodging        | 1 |  1.1
Stealth        | |  0.4

Action                   |  1- 3 |  4- 6 |  7- 9 || total
-------------------------+-------+-------+-------++-------
Melee: War axe           |    93 |   113 |    28 ||   234
       Falchion          |       |       |    31 ||    31
  Use: Scroll            |     1 |       |     1 ||     2
       Potion            |       |     2 |     2 ||     4
  Eat: Chunk             |     3 |     5 |     2 ||    10
Armor: Scale mail        |    45 |    39 |       ||    84
       Chain mail        |       |    37 |    55 ||    92
Dodge: Dodged            |    35 |    59 |    39 ||   133
Block: Shield            |    61 |    78 |    61 ||   200
       Rpst.: Falchion   |       |       |    10 ||    10
